 Dungeon Crawl Stone Soup version 0.27-a0-972-gd1521fd518 (webtiles) character file.

Game seed: 9569884481179379282

14 siradein the Grave Robber (level 2, 0/20 HPs)
             Began as a Ghoul Necromancer on Apr 13, 2021.
             Slain by a quokka (1 damage)
             ... on level 1 of the Dungeon.
             The game lasted 00:01:55 (406 turns).

siradein the Grave Robber (Ghoul Necromancer)        Turns: 406, Time: 00:01:55

Health: 0/20       AC:  2    Str: 11    XL:     2   Next: 41%
Magic:  0/4        EV: 12    Int: 10    God:
Gold:   9          SH:  0    Dex:  9    Spells: 4/5 levels left

rFire    . . .     SeeInvis .   (no weapon)
rCold    + . .     Faith    .   (no shield)
rNeg     + + +     Spirit   .   a - +0 robe
rPois    ∞         Reflect  .   (no helmet)
rElec    .         Harm     .   (no cloak)
rCorr    .         Rampage  .   (no gloves)
Will     .....                  (no boots)
Stlth    ++........             (no amulet)
HPRegen  0.00/turn              (no ring)
MPRegen  0.09/turn              (no ring)

@: no status effects
A: claws 1, cold resistance 1, negative energy resistance 3, inhibited
regeneration, torment resistance 2, unbreathing 1
a: no special abilities


You were on level 1 of the Dungeon.
You visited 1 branch of the dungeon, and saw 1 of its levels.

You collected 9 gold pieces.

Inventory:

Armour
 a - a +0 robe (worn)
Scrolls
 b - a scroll of noise {unknown}


   Skills:
 - Level 1.7 Dodging
 - Level 2.1 Stealth
 + Level 2.2 Spellcasting
 + Level 4.3 Necromancy


You had 4 spell levels left.
You knew the following spells:

 Your Spells              Type           Power      Damage    Failure   Level
a - Pain                  Necr           36%        1d5       5%          1

Your spell library contained the following spells:

 Spells                   Type           Power      Damage    Failure   Level
 Animate Skeleton         Necr           18%        N/A       5%          1
 Vampiric Draining        Necr           4%         2d6       16%         3
 Magic Dart               Conj           4%         1d3       30%         1
 Blink                    Tloc           N/A        N/A       43%         2
 Call Imp                 Summ           1%         N/A       43%         2
 Slow                     Hex            1%         N/A       43%         2
 Animate Dead             Necr           4%         N/A       45%         4
 Conjure Flame            Conj/Fire      1%         6-21      67%         3
 Mephitic Cloud           Conj/Pois/Air  1%         N/A       67%         3
 Agony                    Necr           9%         N/A       82%         5


Dungeon Overview and Level Annotations

Branches:
Dungeon (1/15)

Altars:


Innate Abilities, Weirdness & Mutations

You thrive by killing the living.
You are immune to poison.
You have sharp fingernails.
Your flesh is cold resistant. (rC+)
You are immune to negative energy. (rN+++)
You do not regenerate when monsters are visible.
You are immune to unholy pain and torment.
You can survive without breathing.


Message History

Aiming: Pain (safe; 5% risk of failure)
Press: ? - help, Q - select action Shift-Dir - straight line, f - goblin
Aim: a goblin, wielding a +0 club (heavily wounded, chance to affect: 76%)
The goblin writhes in agony.
You kill the goblin!
You feel better.
You closely miss the rat. The rat closely misses you.
You scratch the rat.
You kill the rat!
You feel better. The quokka bites you.
* * * LOW HITPOINT WARNING * * *
You scratch the quokka but do no damage.
The quokka barely misses you.
You barely miss the quokka. The quokka bites you.
* * * LOW HITPOINT WARNING * * *
You closely miss the quokka. The quokka closely misses you.
You barely miss the quokka. The quokka completely misses you.
You barely miss the quokka. The quokka closely misses you.
The quokka bites you.
* * * LOW HITPOINT WARNING * * *
You closely miss the quokka. The quokka misses you.
Aiming: Pain (safe; 5% risk of failure)
Press: ? - help, Q - select action Shift-Dir - straight line, f - quokka
Aim: a quokka (chance to affect: 76%)
The quokka writhes in agony.
The quokka closely misses you.
Unknown command.
Aiming: Pain (safe; 5% risk of failure)
Press: ? - help, Q - select action Shift-Dir - straight line, f/p - quokka
Aim: a quokka (severely wounded, chance to affect: 76%)
The quokka barely resists.
The quokka barely misses you.
Unknown command.
You barely miss the quokka.
The quokka is severely wounded.
The quokka barely misses you. The quokka closely misses you.
You closely miss the quokka.
The quokka is severely wounded.
The quokka bites you.
You die...

...# .### #####
..
#########...###.
..
................
..
########....####
.# #....# .#
#....# .#
#....#####.#
#......)r@.#
#.....######
#.....#...
#....r#.###.#
#.###g......#
#.# #.?.###.# #.
#..## #. .†r# #.
.....


You could see a quokka.

Vanquished Creatures
  A ball python (D:1)
  2 endoplasms (D:1)
  A goblin (D:1)
  4 hobgoblins (D:1)
  A kobold (D:1)
  A frilled lizard (D:1)
  A rat (D:1)
11 creatures vanquished.

Notes
Turn   | Place    | Note
-------+----------+-------------------------------------------
     0 | D:1      | siradein the Ghoul Necromancer began the quest for the Orb.
     0 | D:1      | Reached XP level 1. HP: 14/14 MP: 2/2
   316 | D:1      | Reached XP level 2. HP: 17/20 MP: 4/4
   400 | D:1      | HP: 1/20 [quokka (2)]
   406 | D:1      | Slain by a quokka

Illustrated notes

Levels and vault maps discovered:
D:1:      lemuel_arrival_cross, layout_basic, st_stairs_10, minmay_bisected

Skill      XL: |  1 |
---------------+----+-----
Spellcasting   | 2 |  2.2
Dodging        | |  1.7
Stealth        | |  2.1
Necromancy     | |  4.3

Action                   || total
-------------------------++-------
Melee: Unarmed           ||    39
 Cast: Pain              ||    12
Armor: Robe              ||     5
Dodge: Dodged            ||    27

Table legend: (Time is in decaauts)
 A = Elapsed time spent in this place.
 B = Non-inter-level travel time spent in this place.
 C = Inter-level travel time spent in this place.
 D = Time resting spent in this place.
 E = Time spent auto-exploring this place.
 F = Levels seen in this place.
 G = Mean time per level.
                   A        B        C        D        E       F      G
               +--------+--------+--------+--------+--------+-----+--------+
         Total |    406 |    406 |      0 |      7 |    302 |   1 |  406.0 |
       Dungeon |    406 |    406 |      0 |      7 |    302 |   1 |  406.0 |
               +--------+--------+--------+--------+--------+-----+--------+

Top non-repeatable levels by time:
     D:1: 406 daAuts
